[Event "9th Bangabandhu Rapid Women 2021"]
[Site "Dhaka"]
[Date "2021.04.02"]
[Round "1.4"]
[White "Kazi Zarin, Tasnim"]
[Black "Sultana, Zakia"]
[Result "0-1"]
[ECO "C01"]
[WhiteElo "1790"]
[BlackElo "1814"]
[Annotator "NA RC"]
[PlyCount "146"]
[EventDate "2021.04.02"]
[EventType "swiss"]
[EventCountry "BAN"]
[SourceTitle "playchess.com"]
[Source "ChessBase"]
[SourceQuality "1"]
[TimeControl "1500+10"]

1. e4 e6 2. d4 d5 3. exd5 exd5 4. Nf3 Nf6 5. Bd3 Be7 6. O-O Bg4 7. Re1 O-O 8. h3 Bh5 9. Bf4 Nbd7 10. c3 c6 11. Nbd2 Re8 12. Qb3 Bxf3 13. Nxf3 Qb6 14. Qc2 h6 15. Qd2 Bf8 16. Ne5 Nxe5 17. Bxe5 Nd7 18. Bg3 Nf6 19. Bc2 Ne4 20. Qd3 (20. Bxe4 $5 Rxe4 21. Rxe4 dxe4 22. Re1 $14) 20... g6 ({Reject} 20... Qxb2 $6 {[#]} 21. f3 $1 $16) 21. Be5 {[%emt 0:00:10] [#]} ({White should play} 21. b3 $15) 21... Rxe5 $1 22. dxe5 Qxf2+ 23. Kh1 {[%emt 0:00:10] [#]} Qxe1+ $3 24. Rxe1 Nf2+ {[%emt 0:00:10] Double Attack} 25. Kh2 Nxd3 26. Bxd3 Re8 27. e6 Kg7 28. c4 Rxe6 29. Rd1 dxc4 30. Bxc4 Rd6 31. Rf1 Rf6 32. Rd1 Bd6+ 33. Kg1 Bc5+ 34. Kh1 Rd6 35. Rf1 f5 36. Re1 Kf6 37. a3 b5 38. Bf1 Bd4 39. Rd1 Be5 40. Rb1 Rd2 41. b3 Rb2 42. Rc1 Rxb3 43. Rxc6+ Kg5 44. Kg1 Bd4+ 45. Kh2 Rb1 46. Bd3 Be5+ 47. g3 Rb2+ 48. Bc2 h5 49. h4+ Kh6 50. Kh3 Kg7 51. Rc5 Bd6 52. Rc6 Bxa3 53. Bd3 a5 54. Ra6 a4 55. Rb6 Bc5 56. Rb7+ Kf6 57. Rc7 Bd6 58. Rc6 Ke5 59. Rc8 a3 60. Re8+ Kd4 61. Bf1 a2 62. Ra8 Rb1 63. Rxa2 Rxf1 64. Rd2+ Kc5 65. Kg2 Rc1 66. Re2 Rc3 67. Re6 Rxg3+ 68. Kf2 Rg4 69. Kf3 b4 70. Ke3 b3 71. Kd3 Kd5 72. Re2 Be5 73. Re1 Rxh4 0-1

[Event "9th Bangabandhu Rapid Women 2021"]
[Site "Dhaka"]
[Date "2021.04.02"]
[Round "2.1"]
[White "Noshin, Anjum"]
[Black "Sultana, Sharmin Shirin"]
[Result "1-0"]
[ECO "B43"]
[WhiteElo "1874"]
[BlackElo "2002"]
[Annotator "ChessBase"]
[PlyCount "199"]
[EventDate "2021.04.02"]
[EventType "swiss"]
[EventCountry "BAN"]
[SourceTitle "playchess.com"]
[Source "ChessBase"]
[SourceQuality "1"]
[TimeControl "1500+10"]

1. e4 c5 2. Nf3 e6 3. d4 cxd4 4. Nxd4 a6 5. Nc3 Qc7 6. Bd3 Nc6 7. Nxc6 dxc6 8. f4 e5 9. O-O Bc5+ 10. Kh1 Nf6 11. fxe5 Ng4 12. Qf3 Be6 13. Bf4 Bd4 14. Ne2 Bxe5 15. Bxe5 Qxe5 16. Qg3 Qxg3 17. Nxg3 g6 18. h3 Ne5 19. Ne2 O-O-O 20. Nf4 Bd7 21. Be2 h5 22. Rad1 g5 23. Nd3 Nxd3 24. Rxd3 Be6 25. Rxd8+ Kxd8 26. Kg1 Ke7 27. b3 Kd6 28. Kf2 Ke5 29. Ke3 h4 30. Bf3 f6 31. Rd1 Rg8 32. Rh1 Rg7 33. Rd1 Rh7 34. Rg1 Bf7 35. Rd1 Bg6 36. Rd4 Re7 37. c3 Bf7 38. Bg4 Bg6 39. Bf3 b5 40. Bg4 a5 41. a4 bxa4 42. Rxa4 Kd6 43. Rxa5 Bxe4 44. Kf2 Bc2 45. b4 Bd3 46. Bf5 Bb5 47. Bg4 Re5 48. Ra8 f5 49. Bf3 Re7 50. Rg8 Ra7 51. Rxg5 Ra2+ 52. Kg1 Ke5 53. Rg6 Ra1+ 54. Kh2 Ra6 55. Rh6 f4 56. Rxh4 Ra3 57. Rh5+ Kd6 58. Rf5 Rxc3 59. Rxf4 Ke5 60. Rh4 Rc2 61. Kg3 Rb2 62. Re4+ Kf6 63. h4 Rc2 64. h5 Bd3 65. Rd4 Bb5 66. Kf4 Rf2 67. Rd6+ Ke7 68. Rg6 Kf7 69. Ke3 Rb2 70. Bxc6 Rxb4 71. Bxb5 Rxb5 72. g4 Rb4 73. Rg5 Kf6 74. Rg6+ Kf7 75. Kf3 Ra4 76. Kg3 Rb4 77. Kh4 Rb5 78. Ra6 Kg7 79. h6+ Kh7 80. g5 Rb1 81. Kh5 Rh1+ 82. Kg4 Rg1+ 83. Kf4 Rf1+ 84. Ke5 Rf2 85. Rf6 Re2+ 86. Kf5 Rf2+ 87. Ke6 Rg2 88. Rf5 Kg6 89. Re5 Ra2 90. Rd5 Re2+ 91. Kd7 Re1 92. Kd6 Re2 93. Re5 Rd2+ 94. Ke7 Ra2 95. Rd5 Ra7+ 96. Rd7 Ra5 97. h7 Kxh7 98. Kf6+ Kg8 99. Rd8+ Kh7 100. g6+ 1-0

[Event "9th Bangabandhu Rapid Women 2021"]
[Site "Dhaka"]
[Date "2021.04.02"]
[Round "2.2"]
[White "Sabikun Nahar, Tonima"]
[Black "Hamid, Rani"]
[Result "0-1"]
[ECO "B84"]
[WhiteElo "1533"]
[BlackElo "1923"]
[Annotator "ChessBase"]
[PlyCount "65"]
[EventDate "2021.04.02"]
[EventType "swiss"]
[EventCountry "BAN"]
[SourceTitle "playchess.com"]
[Source "ChessBase"]
[SourceQuality "1"]
[TimeControl "1500+10"]

1. e4 c5 2. Nf3 e6 3. d4 cxd4 4. Nxd4 a6 5. Nc3 Qc7 6. Be2 Nf6 7. O-O Be7 8. Be3 O-O 9. a3 d6 10. Qd2 b5 11. f4 Bb7 12. Bf3 Nbd7 13. Nb3 Rac8 14. Rfc1 Nb6 15. Na5 Ba8 16. e5 Nfd5 17. exd6 Bxd6 18. Bxd5 Nxd5 19. Nxd5 Bxd5 20. c4 bxc4 21. Nxc4 Bxc4 22. b3 Qe7 23. bxc4 Bxa3 24. Rc2 Bb4 25. Qf2 a5 26. Kh1 Qf6 27. Bd4 Qf5 28. g4 Qe4+ 29. Kg1 Rfd8 30. Be3 Rd3 31. Bb6 Rf3 32. Qe2 Qxf4 33. Qd1 0-1

[Event "9th Bangabandhu Rapid Women 2021"]
[Site "Dhaka"]
[Date "2021.04.02"]
[Round "2.4"]
[White "Jannatul, Ferdous"]
[Black "Talukder, Umme Taslima Protiva"]
[Result "1-0"]
[ECO "B42"]
[WhiteElo "1781"]
[BlackElo "1698"]
[Annotator "NA"]
[PlyCount "128"]
[EventDate "2021.04.02"]
[EventType "swiss"]
[EventCountry "BAN"]
[SourceTitle "playchess.com"]
[Source "ChessBase"]
[SourceQuality "1"]
[TimeControl "1500+10"]

1. e4 c5 2. Nf3 d6 3. d4 cxd4 4. Nxd4 a6 5. Nc3 Nf6 6. Be3 e6 7. Bd3 Be7 8. O-O O-O 9. Kh1 Nc6 10. f4 e5 11. Nb3 Nb4 12. a3 Nxd3 13. cxd3 Bg4 14. Qd2 Be6 15. Qd1 Rc8 16. f5 Bd7 17. Qf3 Bc6 18. Qg3 Nh5 19. Qf3 Nf6 20. Qg3 Nh5 21. Qf3 Nf6 22. Qg3 Re8 23. Rad1 Bf8 24. Nd2 d5 25. exd5 Bxd5 26. Nde4 Bb3 27. Rd2 Kh8 28. h3 Qc7 29. Nxf6 gxf6 30. Ne4 Be7 31. Qh4 Qc6 32. Rdf2 Rg8 33. Rc1 Qd7 34. Rxc8 Qxc8 35. Nxf6 Bxf6 36. Qxf6+ Rg7 37. Bh6 Qg8 38. Bxg7+ Qxg7 39. Qxg7+ Kxg7 40. f6+ Kg6 41. g4 h5 42. Kh2 h4 43. Rf5 Bc2 44. Rxe5 Kxf6 45. Rh5 Bxd3 46. Rxh4 Bg6 47. Rh8 Ke5 48. Kg3 Kd4 49. Rc8 Be4 50. Rc1 Kd3 51. h4 b5 52. g5 a5 53. h5 b4 54. axb4 axb4 55. Kf4 Bh7 56. Rg1 Kc2 57. Rg2+ Kd3 58. Ke5 Be4 59. Rh2 Bh7 60. Kf6 b3 61. Kg7 Be4 62. h6 Kc4 63. h7 Bc2 64. h8=Q Kd5 1-0

[Event "9th Bangabandhu Rapid Women 2021"]
[Site "Dhaka"]
[Date "2021.04.02"]
[Round "3.1"]
[White "Nusrat Jahan, Alo"]
[Black "Noshin, Anjum"]
[Result "0-1"]
[ECO "C54"]
[WhiteElo "1806"]
[BlackElo "1874"]
[Annotator "NA"]
[PlyCount "74"]
[EventDate "2021.04.02"]
[EventType "swiss"]
[EventCountry "BAN"]
[SourceTitle "playchess.com"]
[Source "ChessBase"]
[SourceQuality "1"]
[TimeControl "1500+10"]

1. e4 e5 2. Nf3 Nc6 3. Bc4 Bc5 4. c3 Nf6 5. d4 exd4 6. e5 d5 7. Bb5 Ne4 8. cxd4 Bb6 9. Bxc6+ bxc6 10. O-O O-O 11. h3 f6 12. Nc3 Ba6 13. Re1 fxe5 14. Nxe4 dxe4 15. Rxe4 exd4 16. Bg5 Qd5 17. Re5 Qc4 18. b3 Qf7 19. Be7 Rfe8 20. Ng5 Qf4 21. Qh5 Bd3 22. Rae1 Bg6 23. Qd1 Rxe7 24. Rxe7 Qxg5 25. R1e5 Qh4 26. Qe2 h6 27. Qc4+ Kh7 28. Qxc6 Rf8 29. g3 Qf6 30. Qg2 d3 31. R7e6 Qxf2+ 32. Qxf2 Bxf2+ 33. Kg2 d2 34. Rd5 Bf7 35. Rxd2 Bxe6 36. Rxf2 Rxf2+ 37. Kxf2 Bxh3 0-1

[Event "9th Bangabandhu Rapid Women 2021"]
[Site "Dhaka"]
[Date "2021.04.02"]
[Round "3.2"]
[White "Ahmed, Walijah"]
[Black "Jannatul, Ferdous"]
[Result "1-0"]
[ECO "B33"]
[WhiteElo "1840"]
[BlackElo "1781"]
[Annotator "NA"]
[PlyCount "83"]
[EventDate "2021.04.02"]
[EventType "swiss"]
[EventCountry "BAN"]
[SourceTitle "playchess.com"]
[Source "ChessBase"]
[SourceQuality "1"]
[TimeControl "1500+10"]

1. e4 c5 2. Nf3 Nc6 3. d4 cxd4 4. Nxd4 Nf6 5. Nc3 e5 6. Ndb5 d6 7. Bg5 a6 8. Na3 b5 9. Nd5 Be7 10. Bxf6 Bxf6 11. c3 Bg5 12. Nc2 Ne7 13. h4 Bh6 14. Nce3 Bxe3 15. Nxe3 Bb7 16. Bd3 d5 17. exd5 Nxd5 18. Nxd5 Qxd5 19. f3 Qc5 20. Qe2 O-O 21. Qf2 Qc7 22. O-O Rae8 23. Qc2 h6 24. a4 Qe7 25. axb5 axb5 26. Qf2 Bc6 27. Ra7 Qf6 28. Ra6 Re6 29. Rb6 Bd7 30. Rb7 Bc6 31. Rb6 Bd7 32. Rxe6 Qxe6 33. Qe2 Qf6 34. h5 Qd6 35. Rd1 Qe6 36. Be4 Kh8 37. Qd2 Bc8 38. Qd6 Qxd6 39. Rxd6 f5 40. Bc6 b4 41. cxb4 Rf7 42. Rd8+ 1-0

[Event "9th Bangabandhu Rapid Women 2021"]
[Site "Dhaka"]
[Date "2021.04.02"]
[Round "3.3"]
[White "Hamid, Rani"]
[Black "Sultana, Zakia"]
[Result "1-0"]
[ECO "A08"]
[WhiteElo "1923"]
[BlackElo "1814"]
[Annotator "NA"]
[PlyCount "96"]
[EventDate "2021.04.02"]
[EventType "swiss"]
[EventCountry "BAN"]
[SourceTitle "playchess.com"]
[Source "ChessBase"]
[SourceQuality "1"]
[TimeControl "1500+10"]

1. e4 e6 2. d3 d5 3. Qe2 g6 4. Nf3 Bg7 5. g3 Ne7 6. Bg2 O-O 7. O-O c5 8. c3 Nbc6 9. e5 Qc7 10. Re1 b6 11. h4 Bb7 12. Bf4 Rad8 13. Na3 a6 14. Nc2 b5 15. Ne3 d4 16. Ng4 Nd5 17. Bg5 Rc8 18. cxd4 cxd4 19. Rac1 Qb6 20. Nf6+ Nxf6 21. exf6 Bh8 22. h5 Rfe8 23. Nh2 Nb4 24. Ng4 Bxg2 25. Kxg2 Qb7+ 26. f3 Rxc1 27. Rxc1 Rc8 28. Nh6+ Kf8 29. hxg6 hxg6 30. Qd2 Nd5 31. Ng4 Rxc1 32. Qxc1 Qc7 33. Bh6+ Kg8 34. Qxc7 Nxc7 35. Bf4 Nd5 36. Be5 Ne3+ 37. Nxe3 dxe3 38. f4 Kf8 39. Kf3 Ke8 40. Kxe3 Kd7 41. Kd4 Kc6 42. b3 a5 43. g4 Kb6 44. a3 Kc6 45. Ke4 Kc5 46. d4+ Kc6 47. a4 b4 48. d5+ exd5+ 1-0

[Event "9th Bangabandhu Rapid Women 2021"]
[Site "Dhaka"]
[Date "2021.04.02"]
[Round "3.4"]
[White "Sultana, Sharmin Shirin"]
[Black "Sabikun Nahar, Tonima"]
[Result "1-0"]
[ECO "A48"]
[WhiteElo "2002"]
[BlackElo "1533"]
[Annotator "ChessBase"]
[PlyCount "86"]
[EventDate "2021.04.02"]
[EventType "swiss"]
[EventCountry "BAN"]
[SourceTitle "playchess.com"]
[Source "ChessBase"]
[SourceQuality "1"]
[TimeControl "1500+10"]

1. Nf3 Nf6 2. b3 g6 3. Bb2 Bg7 4. e3 c5 5. d4 O-O 6. Bd3 Nc6 7. O-O b6 8. Nbd2 Nb4 9. Be2 d6 10. a3 Na6 11. Bd3 Nc7 12. Qe2 Re8 13. a4 Nfd5 14. c4 Nb4 15. Bb1 d5 16. Rd1 Ba6 17. Nf1 e6 18. dxc5 bxc5 19. Ng3 e5 20. Qe1 d4 21. exd4 exd4 22. Qd2 Bb7 23. Ne1 Qd7 24. Nd3 Qc6 25. f3 a5 26. Nxb4 axb4 27. Bd3 f5 28. Re1 Qd6 29. Rxe8+ Rxe8 30. Re1 Be5 31. Nf1 Kg7 32. Bc1 f4 33. Qc2 Re7 34. Nd2 Ne8 35. Ne4 Qc7 36. Qf2 Nd6 37. Ng5 h6 38. Nh3 g5 39. Qc2 Bc6 40. Bd2 Bd7 41. Nf2 Qc8 42. Ne4 Nf5 43. Kh1 Qc7 1-0

[Event "9th Bangabandhu Rapid Women 2021"]
[Site "Dhaka"]
[Date "2021.04.02"]
[Round "4.1"]
[White "Noshin, Anjum"]
[Black "Hamid, Rani"]
[Result "0-1"]
[ECO "B43"]
[WhiteElo "1912"]
[BlackElo "1920"]
[Annotator "NA"]
[PlyCount "70"]
[EventDate "2021.04.02"]
[EventType "swiss"]
[EventCountry "BAN"]
[SourceTitle "playchess.com"]
[Source "ChessBase"]
[SourceQuality "1"]
[TimeControl "1500+10"]

1. e4 c5 2. Nf3 e6 3. d4 cxd4 4. Nxd4 a6 5. Nc3 Qc7 6. Bd3 Nf6 7. f4 Bb4 8. Bd2 d5 9. exd5 Bxc3 10. bxc3 Nxd5 11. O-O O-O 12. Qf3 Bd7 13. Kh1 Nc6 14. f5 Ne5 15. Qg3 Nxd3 16. Qxc7 Nxc7 17. cxd3 e5 18. Nb3 f6 19. Nc5 Bc6 20. Rab1 b5 21. Rb4 Rfd8 22. Rg4 Kh8 23. Bc1 Bd5 24. a4 Bf7 25. Re1 Nd5 26. Bd2 Ne7 27. axb5 axb5 28. Rb4 Ra2 29. Ne4 Bd5 30. Bc1 Bc6 31. Rb2 Rxb2 32. Bxb2 Rxd3 33. h3 Nxf5 34. Ba3 Bxe4 35. Rxe4 Ng3+ 0-1

[Event "9th Bangabandhu Rapid Women 2021"]
[Site "Dhaka"]
[Date "2021.04.02"]
[Round "4.2"]
[White "Ahmed, Walijah"]
[Black "Sultana, Sharmin Shirin"]
[Result "0-1"]
[ECO "B42"]
[WhiteElo "1902"]
[BlackElo "2006"]
[Annotator "NA"]
[PlyCount "140"]
[EventDate "2021.04.02"]
[EventType "swiss"]
[EventCountry "BAN"]
[SourceTitle "playchess.com"]
[Source "ChessBase"]
[SourceQuality "1"]
[TimeControl "1500+10"]

1. e4 c5 2. Nf3 e6 3. d4 cxd4 4. Nxd4 a6 5. Bd3 Qc7 6. O-O Nc6 7. Be3 Nf6 8. c4 b6 9. Qe2 Bb7 10. Nc3 Ne5 11. f3 Rc8 12. b3 d6 13. Rac1 Be7 14. Rfd1 O-O 15. Qf2 Nfd7 16. Bf1 Bf6 17. h3 Nc6 18. Nxc6 Qxc6 19. Nd5 Bd8 20. Qg3 Ne5 21. Nb4 Qc7 22. f4 Ng6 23. f5 Ne5 24. Nd3 exf5 25. exf5 Kh8 26. Nf4 Be4 27. Nd5 Bxd5 28. Rxd5 f6 29. Rcd1 Be7 30. Qf2 Rb8 31. g4 Rfe8 32. Bg2 b5 33. cxb5 axb5 34. Rc1 Qa5 35. Qc2 Qb4 36. Rd4 Qa5 37. Bd5 Qa6 38. Kf2 Rbc8 39. Qe2 Rxc1 40. Bxc1 Rc8 41. Bf4 Qa7 42. Be3 Bd8 43. Rc4 Qb8 44. Rc2 b4 45. Be6 Rc7 46. Qd2 Be7 47. Bf4 Qb6+ 48. Be3 Qb7 49. Rxc7 Qxc7 50. Bd5 Qa5 51. Be4 Qa6 52. Qc2 h6 53. Bd4 Kh7 54. Qe2 Qa5 55. Be3 Qc7 56. Qc2 Qb8 57. Bd5 Bd8 58. Qd2 Bb6 59. Kg3 Qa7 60. Bxb6 Qxb6 61. Qf2 Qb5 62. Be4 d5 63. Bf3 Qd3 64. Kg2 d4 65. Be2 Qe4+ 66. Bf3 Nxf3 67. Qxf3 Qc2+ 68. Qf2 d3 69. g5 hxg5 70. Kg3 d2 0-1

[Event "9th Bangabandhu Rapid Women 2021"]
[Site "Dhaka"]
[Date "2021.04.02"]
[Round "4.3"]
[White "Nusrat Jahan, Alo"]
[Black "Talukder, Umme Taslima Protiva"]
[Result "1/2-1/2"]
[ECO "B66"]
[WhiteElo "1712"]
[BlackElo "1722"]
[Annotator "NA"]
[PlyCount "156"]
[EventDate "2021.04.02"]
[EventType "swiss"]
[EventCountry "BAN"]
[SourceTitle "playchess.com"]
[Source "ChessBase"]
[SourceQuality "1"]
[TimeControl "1500+10"]

1. e4 c5 2. Nf3 d6 3. d4 cxd4 4. Nxd4 Nf6 5. Nc3 a6 6. Bg5 e6 7. Qd2 Be7 8. f4 Nc6 9. O-O-O Qc7 10. Bxf6 gxf6 11. g3 Bd7 12. a3 Rc8 13. Bg2 Na5 14. Nb3 Nc4 15. Qd3 Nxa3 16. Rd2 Nc4 17. Re2 b5 18. Nd2 b4 19. Nxc4 Qxc4 20. Qxc4 Rxc4 21. Nb1 O-O 22. Nd2 Rc7 23. Nb3 Bb5 24. Rd2 Rfc8 25. Nd4 Bd7 26. Kb1 a5 27. Rhd1 a4 28. Bf1 Rb8 29. Ka2 Bf8 30. Be2 Bh6 31. Nf3 b3+ 32. cxb3 axb3+ 33. Kb1 Ra7 34. Rxd6 Rba8 35. Kc1 Rc7+ 36. Kd2 Bc6 37. Bd3 Bf8 38. Rd4 Bc5 39. Rc4 Bb5 40. Rcc1 Rd8 41. Ke2 Bxd3+ 42. Rxd3 Rxd3 43. Kxd3 Bb6 44. Rxc7 Bxc7 45. Kc3 Kf8 46. Kxb3 Ke7 47. Kc4 Kd6 48. b4 Kc6 49. b5+ Kb6 50. e5 fxe5 51. Nxe5 f5 52. Nd7+ Kb7 53. Nf8 e5 54. fxe5 Bxe5 55. Nxh7 f4 56. gxf4 Bxf4 57. h4 Kc7 58. Kb4 Kd6 59. Ka5 Ke6 60. Ng5+ Kf5 61. Nh3 Bc7+ 62. Ka6 Kg4 63. Kb7 Be5 64. Nf2+ Kxh4 65. Nd3 Bg3 66. Nc5 Kg4 67. Ne4 Be5 68. Kc6 Kf5 69. Nd6+ Ke6 70. Nc4 Bd4 71. Na5 Be3 72. Nb7 Ba7 73. Nd6 Bb8 74. Nc8 Be5 75. b6 Bf4 76. Na7 Be3 77. Kc7 Bxb6+ 78. Kxb6 Ke5 1/2-1/2

[Event "9th Bangabandhu Rapid Women 2021"]
[Site "Dhaka"]
[Date "2021.04.02"]
[Round "4.4"]
[White "Jannatul, Ferdous"]
[Black "Kazi Zarin, Tasnim"]
[Result "1/2-1/2"]
[ECO "D02"]
[WhiteElo "1778"]
[BlackElo "1790"]
[Annotator "NA"]
[PlyCount "69"]
[EventDate "2021.04.02"]
[EventType "swiss"]
[EventCountry "BAN"]
[SourceTitle "playchess.com"]
[Source "ChessBase"]
[SourceQuality "1"]
[TimeControl "1500+10"]

1. d4 d5 2. Bf4 Nf6 3. Nf3 c5 4. e3 Nc6 5. c3 Bf5 6. Bd3 Bxd3 7. Qxd3 Qb6 8. Qe2 e6 9. O-O Be7 10. h3 O-O 11. Ne5 Rad8 12. Qc2 Nd7 13. Bh2 Ncxe5 14. dxe5 Qc7 15. f4 Qb6 16. Kh1 Nb8 17. Nd2 Nc6 18. Nf3 Rc8 19. Qf2 Rfd8 20. Rfd1 Rd7 21. Rd2 Rcd8 22. Rad1 Qa5 23. a3 Qb6 24. Bg1 Na5 25. b4 Nc4 26. Ra2 a5 27. Rb1 cxb4 28. cxb4 axb4 29. axb4 Qb5 30. Nd4 Qb6 31. Qe2 Qc7 32. Nb5 Qb6 33. Nd4 Qc7 34. Nb5 Qb6 35. Nd4 1/2-1/2

[Event "9th Bangabandhu Rapid Women 2021"]
[Site "Dhaka"]
[Date "2021.04.02"]
[Round "5.1"]
[White "Hamid, Rani"]
[Black "Sultana, Sharmin Shirin"]
[Result "1/2-1/2"]
[ECO "B43"]
[WhiteElo "1920"]
[BlackElo "2006"]
[Annotator "ChessBase"]
[PlyCount "142"]
[EventDate "2021.04.02"]
[EventType "swiss"]
[EventCountry "BAN"]
[SourceTitle "playchess.com"]
[Source "ChessBase"]
[SourceQuality "1"]
[TimeControl "1500+10"]

1. e4 c5 2. Nf3 e6 3. d4 cxd4 4. Nxd4 a6 5. Nc3 Qc7 6. Be2 b5 7. O-O Bb7 8. a3 Nf6 9. Bf3 Nc6 10. Nxc6 Bxc6 11. Qe2 Bd6 12. h3 O-O 13. Re1 Be5 14. Bd2 d6 15. g3 Nd7 16. Bg2 Nb6 17. f4 Bd4+ 18. Kh2 Nc4 19. Qd3 Bf6 20. Bc1 Rfd8 21. f5 Be5 22. Qf3 Rac8 23. Nd1 exf5 24. Qxf5 d5 25. Bf4 Bxf4 26. gxf4 dxe4 27. b3 Nd6 28. Qg5 h6 29. Qg4 Bd7 30. Qg3 Nf5 31. Qf2 Qxc2 32. Bxe4 Qxb3 33. Ne3 Nxe3 34. Rxe3 Rc3 35. Rf3 Rxf3 36. Bxf3 Qc3 37. Rd1 Qxa3 38. Bg4 b4 39. Bxd7 b3 40. Qb6 Qb2+ 41. Kh1 Qf6 42. Qxb3 Qxf4 43. Qb7 a5 44. Rg1 Qd4 45. Bc6 g6 46. Rf1 Qc4 47. Bg2 a4 48. Qe7 Rf8 49. Re1 Qb3 50. Re3 Qb1+ 51. Kh2 Qb8+ 52. Kh1 Qb1+ 53. Kh2 Qb8+ 54. Kh1 Qf4 55. Rf3 Qc1+ 56. Rf1 Qc4 57. Re1 h5 58. Re4 Qc1+ 59. Kh2 a3 60. Re1 Qb2 61. Kh1 a2 62. Qa7 Qb1 63. Rf1 Qb3 64. Qd4 Rb8 65. Qf6 Rf8 66. Qa1 Rc8 67. Qf6 Rc2 68. Qd8+ Kg7 69. Qd4+ Kg8 70. Qd8+ Kg7 71. Qf6+ Kg8 1/2-1/2

[Event "9th Bangabandhu Rapid Women 2021"]
[Site "Dhaka"]
[Date "2021.04.02"]
[Round "5.2"]
[White "Noshin, Anjum"]
[Black "Ahmed, Walijah"]
[Result "1-0"]
[ECO "B48"]
[WhiteElo "1912"]
[BlackElo "1902"]
[Annotator "ChessBase"]
[PlyCount "61"]
[EventDate "2021.04.02"]
[EventType "swiss"]
[EventCountry "BAN"]
[SourceTitle "playchess.com"]
[Source "ChessBase"]
[SourceQuality "1"]
[TimeControl "1500+10"]

1. e4 c5 2. Nf3 e6 3. d4 cxd4 4. Nxd4 Nc6 5. Nc3 Qc7 6. Be3 a6 7. Bd3 Nf6 8. Qe2 Bb4 9. Nb3 Ne5 10. Bd2 d6 11. O-O O-O 12. Nb5 axb5 13. Bxb4 Nc4 14. Bxc4 bxc4 15. e5 dxe5 16. Bxf8 cxb3 17. Ba3 bxa2 18. Rxa2 b5 19. Bd6 Qb7 20. Rxa8 Qxa8 21. Qxb5 Bb7 22. Re1 h6 23. Bxe5 Ng4 24. Bg3 Nf6 25. f3 Qc8 26. Qd3 Ba6 27. Qc3 Qxc3 28. bxc3 Nd5 29. Ra1 Bb5 30. Ra5 Bc4 31. Rc5 1-0

[Event "9th Bangabandhu Rapid Women 2021"]
[Site "Dhaka"]
[Date "2021.04.02"]
[Round "5.3"]
[White "Talukder, Umme Taslima Protiva"]
[Black "Kazi Zarin, Tasnim"]
[Result "1-0"]
[ECO "D08"]
[WhiteElo "1722"]
[BlackElo "1790"]
[Annotator "NA"]
[PlyCount "59"]
[EventDate "2021.04.02"]
[EventType "swiss"]
[EventCountry "BAN"]
[SourceTitle "playchess.com"]
[Source "ChessBase"]
[SourceQuality "1"]
[TimeControl "1500+10"]

1. d4 d5 2. c4 e5 3. dxe5 d4 4. Nf3 Nc6 5. a3 Bg4 6. Nbd2 Nge7 7. g3 Ng6 8. Bg2 Rb8 9. O-O Ngxe5 10. h3 Be6 11. Nxe5 Nxe5 12. Qa4+ c6 13. f4 Nd7 14. f5 Nb6 15. Qc2 Bc8 16. Ne4 Be7 17. Bd2 Nd7 18. Bf4 Ra8 19. Nd6+ Bxd6 20. Bxd6 Nf6 21. c5 Bd7 22. Rad1 Qa5 23. Rxd4 Kd8 24. e4 Kc8 25. Rfd1 Be8 26. Be7 b6 27. Ra4 Qb5 28. Bf1 Qxa4 29. Qxa4 Kb7 30. Qa6+ 1-0

[Event "9th Bangabandhu Rapid Women 2021"]
[Site "Dhaka"]
[Date "2021.04.02"]
[Round "5.4"]
[White "Jannatul, Ferdous"]
[Black "Nusrat Jahan, Alo"]
[Result "1-0"]
[ECO "D02"]
[WhiteElo "1778"]
[BlackElo "1712"]
[Annotator "NA"]
[PlyCount "130"]
[EventDate "2021.04.02"]
[EventType "swiss"]
[EventCountry "BAN"]
[SourceTitle "playchess.com"]
[Source "ChessBase"]
[SourceQuality "1"]
[TimeControl "1500+10"]

1. d4 d5 2. Bf4 e6 3. e3 Nf6 4. Nf3 Bd6 5. Bg3 O-O 6. c3 b6 7. Bd3 Bb7 8. Nbd2 Re8 9. Qe2 Nbd7 10. O-O Bxg3 11. hxg3 e5 12. dxe5 Nxe5 13. Nxe5 Rxe5 14. Nf3 Re8 15. Nd4 Ne4 16. Rad1 c6 17. Qg4 Qe7 18. Nf5 Qf6 19. f3 Nc5 20. Bc2 g6 21. Kf2 h5 22. Qd4 Qxd4 23. Nxd4 Ne6 24. Rh1 Ng7 25. e4 a6 26. exd5 cxd5 27. Rhe1 Kf8 28. Bb3 Ne6 29. Rh1 Ng7 30. Rhe1 Ne6 31. Bc2 Kg7 32. Ne2 Rad8 33. Rd2 Rd6 34. Red1 Red8 35. Bb3 Nc7 36. Nf4 b5 37. Rd4 Ne6 38. R4d2 Nc7 39. Nd3 Ne6 40. Nb4 Nc7 41. Nd3 Ne6 42. Re1 d4 43. Bxe6 dxc3 44. bxc3 Rxd3 45. Rxd3 Rxd3 46. Bb3 Rxc3 47. Re7 Bc8 48. Rxf7+ Kh6 49. Rf6 a5 50. Rb6 a4 51. Bf7 Bf5 52. Rxb5 Rc2+ 53. Kg1 Rc1+ 54. Kh2 Rb1 55. Rxb1 Bxb1 56. a3 Bc2 57. Kg1 Kg5 58. Kf2 Kf6 59. Be8 Ke5 60. Ke3 Kd5 61. Kd2 Bf5 62. Bxa4 Kc4 63. Be8 Kc5 64. Ke3 Kd5 65. Kf4 Kd6 1-0

[Event "9th Bangabandhu Rapid Women 2021"]
[Site "Dhaka"]
[Date "2021.04.02"]
[Round "6.1"]
[White "Hamid, Rani"]
[Black "Jannatul, Ferdous"]
[Result "1/2-1/2"]
[ECO "B19"]
[WhiteElo "1920"]
[BlackElo "1778"]
[Annotator "ChessBase"]
[PlyCount "164"]
[EventDate "2021.04.02"]
[EventType "swiss"]
[EventCountry "BAN"]
[SourceTitle "playchess.com"]
[Source "ChessBase"]
[SourceQuality "1"]
[TimeControl "1500+10"]

1. e4 c6 2. d4 d5 3. Nc3 dxe4 4. Nxe4 Bf5 5. Ng3 Bg6 6. Nf3 Nd7 7. h4 h6 8. h5 Bh7 9. Bd3 Bxd3 10. Qxd3 e6 11. Bd2 Ngf6 12. O-O-O Qc7 13. Kb1 O-O-O 14. Ne4 Nc5 15. Nxc5 Bxc5 16. g3 Bd6 17. c4 c5 18. Bc3 Rd7 19. Qe2 Rhd8 20. dxc5 Bxc5 21. Rxd7 Rxd7 22. Ne5 Rd8 23. f4 Ne8 24. Rd1 Rxd1+ 25. Qxd1 a6 26. Qd3 f6 27. Nf3 Qd7 28. Qe2 Nd6 29. b4 Ba7 30. g4 Nf7 31. Kb2 Qd6 32. Kb3 Kd7 33. Qe4 Qc6 34. Qd3+ Qd6 35. Qe2 Qxf4 36. Qd3+ Ke7 37. b5 Qxg4 38. Bb4+ Ke8 39. bxa6 bxa6 40. c5 Qf5 41. Qxf5 exf5 42. Nd4 f4 43. Nc6 Bxc5 44. Bxc5 Ne5 45. Nd4 Kd7 46. Nf5 Kc6 47. Bf8 f3 48. Bxg7 f2 49. Ng3 Ng4 50. Kc4 f5 51. Kd3 f4 52. Nf1 Kd5 53. Bd4 a5 54. Bb6 a4 55. Ke2 Ke4 56. Bxf2 f3+ 57. Ke1 Nf6 58. Ng3+ Kf4 59. Kd2 Nd5 60. a3 Kg4 61. Kd3 Nf4+ 62. Kd2 Nh3 63. Ke3 Nf4 64. Be1 Nxh5 65. Nxh5 Kxh5 66. Kxf3 Kg5 67. Bd2+ Kf6 68. Ke4 Ke6 69. Kd4 Kd6 70. Kc4 Kc6 71. Kb4 Kb6 72. Bxh6 Ka6 73. Kxa4 Kb6 74. Bf4 Ka6 75. Kb4 Kb6 76. a4 Ka6 77. a5 Ka7 78. Kb5 Kb7 79. Be3 Ka8 80. Kb6 Kb8 81. a6 Ka8 82. Bd4 Kb8 1/2-1/2

[Event "9th Bangabandhu Rapid Women 2021"]
[Site "Dhaka"]
[Date "2021.04.02"]
[Round "6.2"]
[White "Talukder, Umme Taslima Protiva"]
[Black "Noshin, Anjum"]
[Result "0-1"]
[ECO "D47"]
[WhiteElo "1722"]
[BlackElo "1912"]
[Annotator "ChessBase"]
[PlyCount "54"]
[EventDate "2021.04.02"]
[EventType "swiss"]
[EventCountry "BAN"]
[SourceTitle "playchess.com"]
[Source "ChessBase"]
[SourceQuality "1"]
[TimeControl "1500+10"]

1. d4 d5 2. c4 c6 3. Nc3 Nf6 4. e3 e6 5. Nf3 Nbd7 6. Bd3 dxc4 7. Bxc4 b5 8. Be2 a6 9. a3 c5 10. O-O Bb7 11. b3 Be7 12. Bb2 O-O 13. Rc1 Rc8 14. Qd2 Ne4 15. Nxe4 Bxe4 16. a4 bxa4 17. bxa4 Qb6 18. Ba3 Rfe8 19. a5 Qb7 20. Rfd1 h6 21. h3 Bd5 22. Rb1 Qc6 23. dxc5 Nxc5 24. Rb6 Qa4 25. Bxc5 Bxc5 26. Bxa6 Bxb6 27. Bxc8 Bxa5 0-1

[Event "9th Bangabandhu Rapid Women 2021"]
[Site "Dhaka"]
[Date "2021.04.02"]
[Round "6.3"]
[White "Sultana, Sharmin Shirin"]
[Black "Sultana, Zakia"]
[Result "1-0"]
[ECO "D15"]
[WhiteElo "2006"]
[BlackElo "1786"]
[Annotator "ChessBase"]
[PlyCount "51"]
[EventDate "2021.04.02"]
[EventType "swiss"]
[EventCountry "BAN"]
[SourceTitle "playchess.com"]
[Source "ChessBase"]
[SourceQuality "1"]
[TimeControl "1500+10"]

1. d4 d5 2. Nf3 c6 3. c4 Nf6 4. Nc3 Bg4 5. Ne5 e6 6. Nxg4 Nxg4 7. e4 Nf6 8. cxd5 exd5 9. e5 Ng8 10. Be3 Nd7 11. Be2 Ne7 12. Bg4 Nb6 13. Bg5 Qc7 14. Rc1 a6 15. O-O h6 16. Bh4 Ng6 17. Bg3 Qd8 18. e6 fxe6 19. Re1 Qg5 20. Rxe6+ Ne7 21. h4 Qxc1 22. Qxc1 g6 23. Qe1 Kf7 24. Qe5 Rh7 25. h5 Nc4 26. hxg6+ 1-0